 Dungeon Crawl Stone Soup version 0.29.0-4-gdea44cf6ec (webtiles) character file.

Game seed: 14255281946691597555

739 qw the Cleaver (level 7, -3/41 HPs)
             Began as a Tengu Warper on Aug 29, 2022.
             Slain by a lemure (8 damage)
             ... led by Pikel
             ... on level 5 of the Dungeon.
             The game lasted 00:00:26 (4500 turns).

qw the Cleaver (Tengu Warper)                       Turns: 4500, Time: 00:00:27

Health: -3/41      AC:  7    Str: 13    XL:     7   Next: 75%
Magic:  11/11      EV: 15    Int: 13    God:
Gold:   251        SH:  5    Dex: 14    Spells: 10/10 levels left

rFire   . . .      SeeInvis .   Y - +3 hand axe
rCold   . . .      Faith    .   (no shield)
rNeg    . . .      Spirit   .   f - +0 scale mail
rPois   .          Reflect  +   (helmet restricted)
rElec   .          Harm     .   n - +0 cloak
rCorr   .          Rampage  .   (no gloves)
Will    .....                   (boots unavailable)
Stlth   ..........              o - amulet of reflection
HPRegen 0.13/turn               d - +4 ring of evasion
MPRegen 0.12/turn               (no ring)

@: flying quickly and evasively, quick
A: beak, talons 3, nimble flight
a: no special abilities


You were on level 5 of the Dungeon.
You visited 1 branch of the dungeon, and saw 5 of its levels.

You collected 251 gold pieces.


Innate Abilities, Weirdness & Mutations

You have a beak for a mouth.
You have claws for feet.
Your magical nature lets you fly swiftly and evasively.


   Skills:
 - Level 3.0 Fighting
 + Level 8.4 Axes
 - Level 1.0 Throwing
 - Level 3.1 Armour
 - Level 2.1 Dodging
 - Level 2.0 Spellcasting
 - Level 2.4 Translocations


You had 10 spell levels left.
You didn't know any spells.
Your spell library contained the following spells:

 Spells                   Type           Power      Damage    Failure   Level
 Blink                    Tloc           14%        N/A       54%         2
 Gell's Gravitas          Tloc           7%         N/A       78%         3
 Lesser Beckoning         Tloc           7%         N/A       78%         3
 Teleport Other           Tloc           7%         N/A       78%         3
 Manifold Assault         Tloc           7%         N/A       100%        5

Inventory:

Hand Weapons
 b - a +0 flail
 Y - a +3 hand axe (weapon)
Missiles
 a - a boomerang (quivered)
Armour
 f - a +0 scale mail (worn)
 n - a +0 cloak (worn)
Jewellery
 d - a +4 ring of evasion (left hand)
 o - an amulet of reflection (around neck)
Scrolls
 k - a scroll of identify
Potions
 e - 2 potions of cancellation
 g - 3 potions of curing
 l - a potion of flight {unknown}

Dungeon Overview and Level Annotations

Branches:
Dungeon (5/15)
 Temple: D:4-7

Altars:

Annotations:
D:3 1 runed translucent door, Crazy Yiuf
D:5 Blork the orc, Pikel


Message History

Pikel is severely wounded.
You completely miss the lemure. You hit the lemure.
You hit the lemure but do no damage. You closely miss the lemure.
The lemure misses you.
Pikel hits you with a +0 whip of flaming!
Pikel burns you. The lemure barely misses you. The lemure misses you.
The lemure barely misses you.
4495 ||| DRINKING potion of heal wounds.
You feel much better. The lemure hits you but does no damage.
Pikel hits you with a +0 whip of flaming.
Pikel burns you. The lemure hits you! The lemure barely misses you.
You block the lemure's attack.
You hit Pikel but do no damage. You claw Pikel, but do no damage.
Pikel is heavily wounded.
You hit the lemure. x2; You hit the lemure but do no damage.
You hit the lemure. You barely miss Pikel. You peck Pikel.
Pikel is severely wounded.
You miss the lemure. You hit the lemure. You barely miss the lemure.
You hit the lemure but do no damage. Pikel completely misses you.
The lemure hits you but does no damage. The lemure hits you.
The lemure hits you but does no damage. You block the lemure's attack.
You completely miss Pikel.
Pikel is severely wounded.
You barely miss the lemure. You hit the lemure. x3
The lemure misses you. Pikel barely misses you.
The lemure completely misses you. The lemure misses you. The lemure hits you.
You hit Pikel. You claw Pikel, but do no damage.
Pikel is severely wounded.
You miss the lemure. You hit the lemure. You barely miss the lemure.
You hit the lemure. The lemure closely misses you.
Pikel hits you but does no damage. The lemure closely misses you.
The lemure misses you. The lemure hits you but does no damage.
You hit Pikel but do no damage. You claw Pikel, but do no damage.
Pikel is severely wounded.
You hit the lemure. x4
The lemure hits you!
You die...

...........
.............#.....##
....................##
.....................#
............#
............###
..............#
......K55.....#
......5@......#
....#.5)......# #
###########


You could see Pikel and 4 lemures.

Vanquished Creatures
  Eustachio (D:5)
  A black bear (D:4)
  A phantom (D:5)
  2 necrophages
  2 hounds
  2 iguanas (D:5)
  7 gnolls
  7 adders
  An ufetubus (D:5)
  3 dart slugs
  3 orcs
  8 ball pythons
  5 endoplasms
  3 giant cockroaches
  5 goblins
  7 hobgoblins
  6 jackals (D:1)
  5 quokkas
  4 bats
  2 frilled lizards
  3 kobolds
  6 rats
84 creatures vanquished.

Notes
Turn   | Place    | Note
-------+----------+-------------------------------------------
     0 | D:1      | qw the Tengu Warper began the quest for the Orb.
     0 | D:1      | Reached XP level 1. HP: 12/12 MP: 4/4
     0 | D:1      | 0 ||| qw: Version: 0.1-a-89-g26bdef1
     0 | D:1      | 0 ||| qw: Game counter: 3539
     0 | D:1      | 0 ||| qw: Always use a shield: true
     0 | D:1      | 0 ||| qw: God list: Okawaru
     0 | D:1      | 0 ||| qw: Allow faded altars: false
     0 | D:1      | 0 ||| qw: Do Orc after D:15 true
     0 | D:1      | 0 ||| qw: Do second Lair branch before Depths: true
     0 | D:1      | 0 ||| qw: Lair rune preference: random
     0 | D:1      | 0 ||| qw: Plans: Normal
     0 | D:1      | 0 ||| PLANNING D:1-11
   114 | D:1      | Reached XP level 2. HP: 12/17 MP: 6/6
   121 | D:1      | 121 ||| Stepping ~*~*~tactically~*~*~ (stealth).
   163 | D:1      | 163 ||| Stepping ~*~*~tactically~*~*~ (stealth).
   337 | D:1      | Reached skill level 3 in Axes
   583 | D:1      | 583 ||| Stepping ~*~*~tactically~*~*~ (stealth).
   584 | D:1      | 584 ||| Stepping ~*~*~tactically~*~*~ (stealth).
   586 | D:1      | 586 ||| Stepping ~*~*~tactically~*~*~ (stealth).
   663 | D:1      | Found a faded altar of an unknown god.
   811 | D:1      | Reached XP level 3. HP: 16/21 MP: 7/7
   905 | D:1      | 905 ||| Stepping ~*~*~tactically~*~*~ (hiding).
  1007 | D:1      | 1007 ||| Stepping ~*~*~tactically~*~*~ (hiding).
  1190 | D:1      | 1190 ||| DROPPING ring of magical power.
  1191 | D:1      | 1191 ||| READING scroll labelled LAGGEN MAOSMAM.
  1192 | D:1      | 1192 ||| READING 2 scrolls labelled TUIFAL WOIDGH.
  1196 | D:1      | 1196 ||| READING scroll labelled TUGOQ QEJOCUED.
  1197 | D:1      | 1197 ||| READING scroll labelled FUGAR EBIOCETT.
  1198 | D:1      | 1198 ||| DRINKING 2 fizzy silvery potions.
  1199 | D:1      | 1199 ||| DROPPING scroll of blinking.
  1251 | D:2      | Reached skill level 4 in Axes
  1312 | D:2      | 1312 ||| READING scroll of enchant weapon.
  1312 | D:2      | 1312 ||| ENCHANTING +1 hand axe.
  1688 | D:2      | 1688 ||| UPGRADING to +0 scale mail.
  1698 | D:2      | 1698 ||| DROPPING +0 leather armour.
  1699 | D:2      | 1699 ||| READING scroll labelled WECAOSS PUTTEU.
  1700 | D:2      | 1700 ||| READING 2 scrolls labelled NUHOVILEUS.
  1701 | D:2      | 1701 ||| DRINKING 3 pink potions.
  1702 | D:2      | 1702 ||| DROPPING scroll of immolation.
  1804 | D:3      | 1804 ||| Stepping ~*~*~tactically~*~*~ (hiding).
  1967 | D:3      | 1967 ||| DROPPING +0 mace.
  2007 | D:3      | Reached XP level 4. HP: 23/26 MP: 8/8
  2282 | D:3      | HP: 6/26 [hound (4)]
  2283 | D:3      | 2283 ||| READING 2 scrolls of teleportation.
  2286 | D:3      | Reached skill level 5 in Axes
  2611 | D:3      | Gained mutation: Your magical nature lets you fly swiftly
                  | and evasively. [Tengu growth]
  2611 | D:3      | Reached XP level 5. HP: 26/30 MP: 9/9
  2706 | D:3      | Found a runed translucent door.
  2707 | D:3      | Noticed Crazy Yiuf
  2919 | D:3      | 2919 ||| READING scroll of enchant weapon.
  2919 | D:3      | 2919 ||| ENCHANTING +2 hand axe.
  3092 | D:3      | 3092 ||| UPGRADING to +4 ring of evasion.
  3093 | D:3      | 3093 ||| READING 2 scrolls of identify.
  3093 | D:3      | 3093 ||| IDENTIFYING inky potion
  3149 | D:4      | Noticed a black bear
  3158 | D:4      | Killed a black bear
  3159 | D:4      | Reached skill level 6 in Axes
  3402 | D:4      | Reached XP level 6. HP: 33/35 MP: 10/10
  3430 | D:4      | Reached skill level 7 in Axes
  3927 | D:4      | 3927 ||| Stepping ~*~*~tactically~*~*~ (stealth).
  3929 | D:4      | 3929 ||| Stepping ~*~*~tactically~*~*~ (stealth).
  4118 | D:4      | 4118 ||| UPGRADING to +0 cloak.
  4123 | D:4      | 4123 ||| UPGRADING to amulet of guardian spirit.
  4128 | D:4      | 4128 ||| UPGRADING to amulet of reflection.
  4138 | D:4      | 4138 ||| DROPPING amulet of guardian spirit.
  4139 | D:4      | 4139 ||| DRINKING 2 metallic blue potions.
  4140 | D:4      | 4140 ||| READING 3 scrolls of identify.
  4140 | D:4      | 4140 ||| IDENTIFYING glowing clear potion
  4141 | D:4      | 4141 ||| READING 2 scrolls of identify.
  4141 | D:4      | 4141 ||| IDENTIFYING yellow potion
  4142 | D:4      | 4142 ||| DROPPING potion of magic.
  4143 | D:4      | 4143 ||| DROPPING potion of degeneration.
  4144 | D:4      | 4144 ||| DROPPING potion of attraction.
  4173 | D:4      | Reached skill level 3 in Fighting
  4313 | D:5      | Entered Level 5 of the Dungeon
  4336 | D:5      | Reached XP level 7. HP: 38/41 MP: 11/11
  4374 | D:5      | Noticed Eustachio
  4377 | D:5      | Noticed Pikel
  4383 | D:5      | Noticed Blork the orc
  4386 | D:5      | HP: 7/41 [lemure[Pikel] (4)]
  4387 | D:5      | 4387 ||| READING scroll of teleportation.
  4387 | D:5      | HP: 2/41 [iron imp[Eustachio] (5)]
  4388 | D:5      | 4388 ||| DRINKING 4 potions of heal wounds.
  4415 | D:5      | Reached skill level 8 in Axes
  4443 | D:5      | Killed Eustachio
  4444 | D:5      | Reached skill level 3 in Armour
  4482 | D:5      | HP: 10/41 [Pikel/+0 whip of flaming (4)]
  4483 | D:5      | 4483 ||| DRINKING 3 potions of heal wounds.
  4492 | D:5      | HP: 10/41 [Pikel/+0 whip of flaming (1)]
  4492 | D:5      | HP: 4/41 [lemure[Pikel] (6)]
  4493 | D:5      | 4493 ||| DRINKING 2 potions of heal wounds.
  4495 | D:5      | 4495 ||| DRINKING potion of heal wounds.
  4497 | D:5      | HP: 9/41 [lemure[Pikel] (5)]
  4500 | D:5      | Slain by a lemure

Levels and vault maps discovered:
D:1:      sevenhm_arrival_forest_fort_small_4, layout_basic,
          hellmonk_ecumenical_altar_heavens_door
D:2:      layout_basic
D:3:      layout_basic, uniq_crazy_yiuf_cottage
D:4:      layout_gridville, minmay_between
D:5:      layout_rooms, amethyst_overflow_temple_binary,
          nicolae_shop_sticking_my_neck_out, uniq_pikel, uniq_edmund,
          uniq_blork_the_orc, uniq_eustachio

Skill      XL: |  1  2  3  4  5  6  7 |
---------------+----------------------+-----
Axes           | 3 4 5 6 7 8 |  8.4
Fighting       | 3 |  3.0
Armour         | 3 |  3.1
Throwing       | |  1.0
Dodging        | |  2.1
Spellcasting   | |  2.0
Translocations | |  2.4

Action                   |  1- 3 |  4- 6 |  7- 9 || total
-------------------------+-------+-------+-------++-------
Melee: Hand axe          |    87 |   107 |    69 ||   263
       Peck              |     8 |    12 |     9 ||    29
       Kick              |    20 |    21 |    25 ||    66
       Punch             |     1 |     2 |       ||     3
Throw: Boomerang         |    12 |    43 |    22 ||    77
  Use: Scroll            |     7 |     5 |     1 ||    13
       Potion            |     2 |     1 |     4 ||     7
Armor: Leather armour    |    21 |       |       ||    21
       Scale mail        |     2 |    30 |    21 ||    53
Dodge: Dodged            |    46 |    53 |    90 ||   189
Block: Other             |       |     2 |    24 ||    26

Table legend:
 A = Non-vault XP
 B = Vault XP
 C = Vault XP percentage of total XP
 D = Non-vault monster count
 E = Vault monster count
 F = Vault count percentage of total count
                 A         B        C        D         E       F
            +---------+---------+-------+---------+---------+-------
      Total |     734 |     322 |  30.5 |      78 |       6 |   7.1
            +---------+---------+-------+---------+---------+-------
        D:1 |      40 |       0 |   0.0 |      22 |       0 |   0.0
        D:2 |      27 |       0 |   0.0 |       9 |       0 |   0.0
        D:3 |     107 |       0 |   0.0 |      18 |       0 |   0.0
        D:4 |     247 |     137 |  35.7 |      19 |       5 |  20.8
        D:5 |     313 |     185 |  37.1 |      10 |       1 |   9.1
            +---------+---------+-------+---------+---------+-------
